 Dungeon Crawl Stone Soup version 0.31.0-32-g396128a36d (webtiles) character file.

Game seed: 1362115632085891077

2628 PaiMei the Merchant of Misery (level 9, -2/69 HPs)
             Began as a Demonspawn Necromancer on Apr 15, 2024.
             Was a Believer of Kikubaaqudgha.
             Slain by a human
             ... wielding a +0 war axe
              (6 damage)
             ... on level 7 of the Dungeon.
             The game lasted 00:13:38 (7720 turns).

PaiMei the Merchant of Misery (DsNe)                Turns: 7720, Time: 00:13:39

Health: -2/69      AC: 25    Str:  9    XL:     9   Next: 35%
Magic:  3/18       EV: 19    Int: 20    God:    Kikubaaqudgha [**....]
Gold:   361        SH:  5    Dex: 13    Spells: 7/20 levels left

rFire   . . .        I - +2 trident (protect)
rCold   . . .        (no shield)
rNeg    . . .        a - +0 robe
rPois   .            i - +0 helmet
rElec   .            s - +1 cloak
rCorr   .            (no gloves)
SInv    .            (no boots)
Will    .....        p - amulet of reflection
Stlth   ++           x - +5 ring of evasion
HPRegen 0.31/turn    h - +4 ring of protection
MPRegen 0.32/turn

%: reflection
@: sanguine armoured, under a protective aura
A: claws 2, magic regeneration, sanguine armour 2
a: Renounce Religion, Unearth Wretches


You were on level 7 of the Dungeon.
You worshipped Kikubaaqudgha.
Kikubaaqudgha was pleased with you.
You visited 2 branches of the dungeon, and saw 8 of its levels.
You also visited: Bailey.

You collected 361 gold pieces.

Inventory:

Hand Weapons
 q - a +1 short sword of speed
 r - a +1 hammer of protection
 D - a +1 short sword of flaming
 E - a +1 dagger of venom
 I - a +2 trident of protection (weapon)
Missiles
 C - 19 poisoned darts
 F - a curare-tipped dart
 J - 2 throwing nets
Armour
 a - a +0 robe (worn)
 i - a +0 helmet (worn)
 s - a +1 cloak (worn)
 y - the +1 cloak of Niel {Harm Will+ Int-2 SInv}
   (You found it on level 4 of the Dungeon)

   Int-2:     It affects your intelligence (-2).
   Will+:     It increases your willpower.
   SInv:      It lets you see invisible.
   Harm:      It increases damage dealt and taken.
Jewellery
 h - a +4 ring of protection (right claw)
 p - an amulet of reflection (around neck)
 x - a +5 ring of evasion (left claw)
 H - a ring of protection from cold
 K - a ring of magical power
Wands
 k - a wand of charming (5)
Scrolls
 f - 3 scrolls of identify
 g - a scroll of acquirement {unknown}
 j - a scroll of enchant armour {unknown}
 m - 3 scrolls of fog
 n - a scroll of immolation {unknown}
 t - a scroll of noise {unknown}
 u - 2 scrolls of teleportation
 v - a scroll of revelation {unknown}
 w - a scroll of fear {unknown}
 z - a scroll of butterflies {unknown}
 B - a scroll of poison {unknown}
Potions
 b - a potion of magic
 c - a potion of degeneration {unknown}
 d - 2 potions of curing
 e - a potion of might {unknown}
 l - 2 potions of enlightenment {unknown}
 o - 2 potions of attraction {unknown}
 A - 2 potions of mutation {unknown}
 G - a potion of heal wounds {unknown}


   Skills:
 + Level 6.1 Fighting
 + Level 6.1 Dodging
 - Level 2.0 Stealth
 + Level 6.1 Spellcasting
 + Level 8.3 Necromancy


You had 7 spell levels left.
You knew the following spells:

 Your Spells              Type           Power      Damage    Failure   Level
a - Necrotise             Necr           100%       1d9       1%          1
b - Vampiric Draining     Necr           39%        2d8       1%          3
c - Animate Dead          Necr           39%        N/A       3%          4
d - Curse of Agony        Necr           39%        N/A       10%         5

Your spell library contained the following spells:

 Spells                   Type           Power      Damage    Failure   Level
 Sublimation of Blood     Necr           39%        N/A       1%          2
 Fugue of the Fallen      Necr           39%        N/A       1%          3
 Cigotuvi's Dreadful Rot  Necr/Alch/Air  34%        N/A       4%          2
 Summon Small Mammal      Summ           24%        N/A       11%         1
 Scorch                   Fire           12%        2d5       16%         2
 Call Canine Familiar     Summ           6%         N/A       30%         3
 Flame Wave               Conj/Fire      6%         2d5       71%         4
 Summon Blazeheart Golem  Fire/Summ      6%         N/A       71%         4
 Summon Cactus Giant      Summ           3%         N/A       100%        6


Dungeon Overview and Level Annotations

Branches:
Dungeon (7/15)             Temple (1/1) D:4          Bailey (visited)

Altars:
Ashenzari
Cheibriados
Dithmenos
Fedhas
Gozag
Hepliaklqana
Kikubaaqudgha
Makhleb
Nemelex Xobeh
Okawaru
Qazlal
Sif Muna
Trog
Uskayaw
Wu Jian
Xom
Yredelemnul

Shops:
D:3 =

Annotations:
Temple 2 transporters


Innate Abilities, Weirdness & Mutations

You have very sharp fingernails.
You regenerate magic rapidly.
When seriously injured, your blood forms thick armour. (AC +9)


Message History

The human is almost dead.
The bullfrog misses you.
The bullfrog hits you but does no damage.
The goblin hits you but does no damage. The human closely misses you.
The human hits you but does no damage.
Casting: Vampiric Draining (safe; 1% risk of failure)
Confirm with . or Enter, or press ? or * to list all spells.
You don't have enough magic to cast this spell.
You barely miss the human.
The human is almost dead.
The bullfrog barely misses you. The goblin closely misses you.
You block the human's attack. The bullfrog hits you.
* * * LOW HITPOINT WARNING * * *
You barely miss the human.
The human is almost dead.
The bullfrog closely misses you. The human barely misses you.
The goblin misses you. The human hits you but does no damage.
The bullfrog misses you. The human barely misses you.
The goblin barely misses you.
You barely miss the human.
The human is almost dead.
You block the bullfrog's attack. The human barely misses you.
The goblin misses you. The bullfrog barely misses you.
The human closely misses you.
Your magical contamination has completely faded away.
You hit the human but do no damage.
Your weapon exudes an aura of protection.
The human is almost dead.
The bullfrog hits you but does no damage.
The human hits you with a +0 heavy hand axe!
* * * LOW HITPOINT WARNING * * *
The goblin misses you. The human closely misses you.
The bullfrog barely misses you.
You barely miss the goblin.
The bullfrog hits you but does no damage.
The goblin barely misses you. The human misses you.
The human hits you but does no damage. The bullfrog misses you.
The goblin completely misses you. The human hits you with a +0 war axe.
You die...
Kikubaaqudgha rasps: "You have failed me!
Welcome... death!"

..##..............#.....
..##....................
####......######...###.#
............. #...## ..
....#####....###....#
....# ...........# ....#
.....≈≈≈≈≈.#
....#######...≈ppF≈.#
........###...≈.@g~.#
..........+...≈.))≈.......
##......###...≈≈≈≈≈.......
........#####........###..
...........##........# .
...#.......##....#...#
...#.......##....#...#
...#.......##....#...#
...#.......#


You could see 2 humans, a bullfrog and a goblin.

Vanquished Creatures
  Pikel (D:5)
  A water moccasin (D:5)
  An ice beast (D:6)
  4 ogres
  2 kobold brigands (D:6)
  5 bullfrogs
  A gnoll sergeant (D:7)
  3 scorpions
  5 jellies
  3 bombardier beetles
  A gnoll bouda (D:6)
  2 hounds
  2 orc priests (D:7)
  Crazy Yiuf (D:3)
  Jessica (D:2)
  Terence (D:2)
  2 sleepcaps (D:6)
  6 iguanas
  10 gnolls
  4 adders
  A shadow imp (D:6)
  2 ufetubi (D:4)
  3 dart slugs
  A ribbon worm (D:2)
  5 orcs
  13 ball pythons
  3 bats
  5 endoplasms
  3 giant cockroaches
  20 goblins
  12 hobgoblins
  2 jackals (D:3)
  5 quokkas
  7 frilled lizards
  14 kobolds
  3 rats
155 creatures vanquished.

Vanquished Creatures (collateral kills)
  Robin (D:2)
  A goblin (D:2)
2 creatures vanquished.

Grand Total: 157 creatures vanquished

Notes
Turn   | Place    | Note
-------+----------+-------------------------------------------
     0 | D:1      | PaiMei the Demonspawn Necromancer began the quest for the
                  | Orb.
     0 | D:1      | Reached XP level 1. HP: 13/13 MP: 3/3
   280 | D:1      | Gained mutation: You regenerate magic rapidly. [demonic
                  | ancestry]
   280 | D:1      | Reached XP level 2. HP: 19/19 MP: 1/5
   927 | D:2      | Noticed Jessica
   929 | D:2      | Killed Jessica
   930 | D:2      | Reached skill level 1 in Fighting
   930 | D:2      | Reached XP level 3. HP: 18/26 MP: 3/6
  1168 | D:2      | Reached XP level 4. HP: 32/32 MP: 2/8
  1351 | D:2      | Noticed Robin
  1653 | D:2      | Reached skill level 5 in Necromancy
  1719 | D:2      | Killed Robin
  1839 | D:2      | Noticed Terence
  1845 | D:2      | Killed Terence
  1846 | D:2      | Reached XP level 5. HP: 33/38 MP: 4/9
  2488 | D:3      | Learned a level 3 spell: Vampiric Draining
  2794 | D:3      | Found Facwo's Jewellery Shoppe.
  2939 | D:3      | Found a runed translucent door.
  2940 | D:3      | Noticed Crazy Yiuf
  3318 | D:3      | Killed Crazy Yiuf
  3417 | D:4      | Gained mutation: When seriously injured, your blood forms
                  | armour. (AC +9) [demonic ancestry]
  3417 | D:4      | Reached XP level 6. HP: 46/46 MP: 4/11
  3499 | D:4      | Identified the +1 cloak of Niel {Harm Will+ Int-2 SInv}
  3719 | D:4      | Found a staircase to the Ecumenical Temple.
  3730 | Temple   | Found a transporter.
  3730 | Temple   | Found a transporter.
  3730 | Temple   | Found a transporter.
  3730 | Temple   | Found a transporter.
  3730 | Temple   | Entered the Ecumenical Temple
  3744 | Temple   | Learned a level 4 spell: Animate Dead
  3753 | Temple   | Became a worshipper of Kikubaaqudgha
  4213 | D:5      | Entered Level 5 of the Dungeon
  4381 | D:5      | Gained mutation: You have sharp fingernails. [demonic
                  | ancestry]
  4381 | D:5      | Reached XP level 7. HP: 47/52 MP: 0/12
  4484 | D:5      | Reached skill level 6 in Necromancy
  5174 | D:5      | Noticed Pikel
  5183 | D:5      | Killed Pikel
  5184 | D:5      | Reached skill level 5 in Dodging
  5184 | D:5      | Reached skill level 5 in Spellcasting
  5184 | D:5      | Reached skill level 7 in Necromancy
  5184 | D:5      | Gained mutation: When seriously injured, your blood forms
                  | thick armour. (AC +9) [demonic ancestry]
  5184 | D:5      | Reached XP level 8. HP: 57/61 MP: 1/15
  5702 | D:6      | Reached skill level 5 in Fighting
  5977 | D:6      | Reached * piety under Kikubaaqudgha
  5977 | D:6      | Received a gift from Kikubaaqudgha
  6732 | D:6      | Gained mutation: You have very sharp fingernails. [demonic
                  | ancestry]
  6732 | D:6      | Reached XP level 9. HP: 60/68 MP: 6/17
  7227 | D:7      | Learned a level 5 spell: Curse of Agony
  7350 | D:7      | Reached skill level 8 in Necromancy
  7624 | D:7      | Found a flagged portal.
  7649 | Bailey   | Entered a bailey
  7692 | Bailey   | Reached ** piety under Kikubaaqudgha
  7720 | D:7      | Slain by a human

Illustrated notes

Levels and vault maps discovered:
D:1:      minmay_arrival_four_houses, layout_basic, minmay_strange_pillars
D:2:      layout_loops_ring, serial_bayou_lagoon_b, uniq_terence, uniq_robin,
          uniq_jessica
D:3:      layout_basic, serial_shops, nicolae_shop_crystal, st_stairs_1,
          kennysheep_nub, uniq_crazy_yiuf_cottage
D:4:      layout_rooms, minmay_temple_entry_junction, patterned_corridor
D:5:      layout_gridville, uniq_pikel
D:6:      layout_cave_pods, serial_park, serial_park_paths
          [serial_park_minivault_5x5_2], serial_park_tiny_pond,
          serial_park_gazebo [serial_park_minivault_5x5_7], serial_park_tiny_1,
          chequers_serial_rivers_micro_a
D:7:      layout_basic, enter_bailey_5, minmay_joined_circles
Temple:   hellmonk_temple_divided_pantheon

Skill      XL: |  1  2  3  4  5  6  7  8  9 |
---------------+----------------------------+-----
Dodging        | 2 3 5 6 |  6.1
Stealth        | 2 |  2.0
Fighting       | 1 2 3 4 5 6 |  6.1
Necromancy     | 5 7 8 |  8.3
Spellcasting   | 3 5 6 |  6.1

Action                     |  1- 3 |  4- 6 |  7- 9 || total
---------------------------+-------+-------+-------++-------
  Melee: Unarmed           |     3 |       |       ||     3
         Short sword       |       |    34 |    86 ||   120
         Trident           |       |       |    36 ||    36
         Punch             |       |       |     1 ||     1
   Cast: Necrotise         |    58 |   112 |    85 ||   255
         Vampiric Draining |       |    10 |    79 ||    89
    Use: Potion            |       |     1 |       ||     1
         Scroll            |       |       |     2 ||     2
   Stab: Sleeping          |       |     1 |       ||     1
 Armour: Robe              |    17 |    38 |   146 ||   201
  Dodge: Dodged            |    12 |    54 |   286 ||   352
  Block: Other             |       |    11 |    64 ||    75
         Reflection        |       |       |     5 ||     5
